 Dungeon Crawl Stone Soup version 0.26.1-11-gd32895ea62 (webtiles) character file.

Game seed: 354141643817776580

450 nothank2 the Chiller (level 6, 0/45 HPs)
             Began as a Draconian Ice Elementalist on July 12, 2021.
             Slain by a two-headed ogre
             ... wielding a +0 dire flail
              (11 damage)
             ... on level 4 of the Dungeon.
             The game lasted 00:09:14 (3748 turns).

nothank2 the Chiller (Draconian Ice Elementalist)   Turns: 3748, Time: 00:09:15

Health: 0/45       AC:  7    Str: 11    XL:     6   Next: 74%
Magic:  7/11       EV: 12    Int: 17    God:
Gold:   230        SH:  4    Dex: 11    Spells: 4/12 levels left

rFire    . . .     SeeInvis .   j - +2 dagger (freeze)
rCold    . . .     Faith    .   e - +0 buckler
rNeg     . . .     Spirit   .   (armour unavailable)
rPois    .         Reflect  .   a - +0 hat
rElec    .         Harm     .   l - +0 cloak
rCorr    .         Rampage  .   (no gloves)
Will     .....                  (no boots)
Stlth    ++........             (no amulet)
HPRegen  0.15/turn              q - ring of wizardry
MPRegen  0.12/turn              (no ring)

@: slowed, very slow
A: unfitting armour, cold-blooded, AC +6
a: no special abilities


You were on level 4 of the Dungeon.
You visited 1 branch of the dungeon, and saw 4 of its levels.

You collected 230 gold pieces.

Inventory:

Hand Weapons
 b - a +1 vorpal hand axe
 g - a +1 dagger of venom
 h - a +0 hunting sling
 j - a +2 dagger of freezing (weapon)
Missiles
 i - 45 stones
Armour
 a - a +0 hat (worn)
 e - a +0 buckler (worn)
 l - a +0 cloak (worn)
Jewellery
 q - a ring of wizardry (left hand)
 s - an uncursed ring of positive energy {unknown}
Scrolls
 k - a scroll of noise {unknown}
 m - a scroll of remove curse {unknown}
 r - a scroll of identify {unknown}
Potions
 c - 4 potions of brilliance {unknown}
 d - 4 potions of heal wounds {unknown}
 f - a potion of berserk rage {unknown}
 n - a potion of mutation {unknown}
 o - 2 potions of haste {unknown}
 p - a potion of degeneration {unknown}


   Skills:
 - Level 1.7 Dodging
 - Level 1.7 Stealth
 - Level 4.1 Shields
 + Level 3.6 Spellcasting
 + Level 2.1 Conjurations
 + Level 5.3 Ice Magic


You had 4 spell levels left.
You knew the following spells:

 Your Spells              Type           Power        Failure   Level
a - Freeze                Ice            84%          1%          1
b - Frozen Ramparts       Ice            42%          2%          3
c - Hailstorm             Conj/Ice       15%          14%         4

Your spell library contained the following spells:

 Spells                   Type           Power        Failure   Level
 Ozocubu's Armour         Ice            21%          2%          3
 Summon Ice Beast         Ice/Summ       12%          21%         4


Dungeon Overview and Level Annotations

Branches:
Dungeon (4/15)
 Temple: D:4-7

Altars:


Innate Abilities, Weirdness & Mutations

Your plain brown scales are hard. (AC +6)
You cannot fit into any form of body armour.
You are cold-blooded and may be slowed by cold attacks.


Message History

You feel yourself slow down.
The orc wizard casts a spell.
The orc wizard blinks!
You closely miss the orc wizard.
The orc wizard casts a spell.
The orc wizard blinks!
The two-headed ogre hits you with a +0 dire flail.
You block the two-headed ogre's attack.
The orc wizard gestures wildly while chanting.
The orc wizard blinks!
The orc wizard points at you and mumbles some strange words.
The magic dart hits you but does no damage.
The two-headed ogre closely misses you.
The two-headed ogre hits you with a +0 giant spiked club!
The two-headed ogre hits you with a +0 dire flail.
The two-headed ogre hits you with a +0 giant spiked club!
* * * LOW HITPOINT WARNING * * *
There is a stone staircase leading down here.
The two-headed ogre hits you with a +0 dire flail!
You die...

#.........###........#
#.#......## #........####
#.#.####.# ######......#
#.#.# #.# #......# #.#.# #.#
#####......# #.#.# #.#
#o.........# #....O>..#
#.##.......####
###.##########o#..#........#
..............oO@.#..#####.#
...####.########..#..# #.#
... #.# #..#..# #.# ... #O#
#..#..# #.# ...####.###
#..#..# #.# ......o...#
#.....#####.# ...#..#.#.#
##.#....)...# #....#.#
#....####### #..#.#.#
#....##########


You could see a two-headed ogre, an orc wizard and an orc.

Vanquished Creatures
  An ogre (D:4)
  Blork the orc (D:4)
  A killer bee (D:4)
  Crazy Yiuf (D:3)
  Jessica (D:2)
  2 worker ants (D:4)
  Robin (D:2)
  4 adders
  3 worms
  A dart slug (D:3)
  5 leopard geckos
  3 orcs (D:4)
  4 bats
  3 giant cockroaches
  11 goblins
  11 hobgoblins
  7 jackals
  11 kobolds
  A quokka (D:3)
  5 frilled lizards
  3 rats
80 creatures vanquished.

Notes
Turn   | Place    | Note
-------+----------+-------------------------------------------
     0 | D:1      | nothank2 the Draconian Ice Elementalist began the quest for
                  | the Orb.
     0 | D:1      | Reached XP level 1. HP: 14/14 MP: 3/3
   176 | D:1      | Reached XP level 2. HP: 20/20 MP: 5/5
   237 | D:1      | Reached skill level 1 in Shields
   937 | D:2      | Reached XP level 3. HP: 20/26 MP: 3/6
   941 | D:2      | Learned a level 3 spell: Frozen Ramparts
  1133 | D:2      | Noticed Robin
  1137 | D:2      | Killed Robin
  1324 | D:2      | Reached XP level 4. HP: 29/33 MP: 4/7
  1662 | D:2      | Noticed Jessica
  1665 | D:2      | Killed Jessica
  2024 | D:3      | Learned a level 4 spell: Hailstorm
  2535 | D:3      | Found a runed translucent door.
  2536 | D:3      | Noticed Crazy Yiuf
  2653 | D:3      | Reached XP level 5. HP: 38/38 MP: 9/9
  3048 | D:3      | Killed Crazy Yiuf
  3118 | D:4      | Reached skill level 1 in Conjurations
  3201 | D:4      | Reached skill level 5 in Ice Magic
  3289 | D:4      | Reached XP level 6. HP: 33/45 MP: 4/10
  3540 | D:4      | Noticed a two-headed ogre
  3701 | D:4      | Noticed Blork the orc
  3715 | D:4      | Killed Blork the orc
  3748 | D:4      | Slain by a two-headed ogre

Illustrated notes

Levels and vault maps discovered:
D:1:      minmay_arrival_semitransparent, layout_basic
D:2:      layout_basic, minmay_misc_feat_x, uniq_jessica, uniq_robin
D:3:      layout_loops_corners, uniq_crazy_yiuf_cottage
D:4:      layout_basic, nicolae_overflow_crystal_walls, nrook_campfire,
          minmay_cut_off, uniq_sigmund, uniq_blork_the_orc

Skill      XL: |  1  2  3  4  5  6 |
---------------+-------------------+-----
Shields        | 1 2 3 4 |  4.1
Spellcasting   | 3 |  3.6
Conjurations   | 1 2 |  2.1
Ice Magic      | 5 |  5.3
Dodging        | |  1.7
Stealth        | |  1.7

Action                   |  1- 3 |  4- 6 || total
-------------------------+-------+-------++-------
Melee: Hand axe          |    28 |       ||    28
       Dagger            |    42 |    56 ||    98
       Tailslap          |     3 |     2 ||     5
 Fire: Hunting sling     |     5 |       ||     5
Throw: Stone             |       |     4 ||     4
 Cast: Freeze            |    24 |    48 ||    72
       Frozen Ramparts   |       |     5 ||     5
 Stab: Sleeping          |     2 |     1 ||     3
Armor: Skin              |    30 |    32 ||    62
Dodge: Dodged            |    49 |    49 ||    98
Block: Buckler           |       |    16 ||    16
